 Dungeon Crawl Stone Soup version 0.31-a0-37-g98a128e1d9 (webtiles) character file.

Game seed: 6323704091813317741

94 SlipperySam the Cudgeller (level 4, -2/42 HPs)
             Began as a Troll Gladiator on May 16, 2023.
             Slain by a gnoll
             ... wielding a +0 flail of holy wrath
              (3 damage)
             ... on level 3 of the Dungeon.
             The game lasted 00:41:04 (3354 turns).

SlipperySam the Cudgeller (Troll Gladiator)         Turns: 3354, Time: 00:41:05

Health: -2/42      AC:  4    Str: 24    XL:     4   Next: 38%
Magic:  3/3        EV: 10    Int:  4    God:
Gold:   113        SH:  0    Dex: 11    Spells: 3/3 levels left

rFire   . . .        s - +0 long sword (drain)
rCold   . . .        (no shield)
rNeg    . . .        b - +0 robe
rPois   .            c - +0 hat
rElec   .            (no cloak)
rCorr   .            (gloves unavailable)
SInv    .            (boots unavailable)
Will    .....        (no amulet)
Stlth   +            (no ring)
HPRegen 1.07/turn    (no ring)
MPRegen 0.08/turn

%: no passive effects
@: mighty
A: large, unfitting armour, claws 3, regeneration 1, shaggy fur 1, tough skin 1
a: no special abilities


You were on level 3 of the Dungeon.
You visited 1 branch of the dungeon, and saw 3 of its levels.

You collected 113 gold pieces.

Inventory:

Hand Weapons
 a - a +0 flail
 g - a +0 flail
 h - a +0 club
 o - a +0 club
 q - a +0 sling
 r - a +0 club
 s - a +0 long sword of draining (weapon)
 t - a +0 club
 v - a +0 dagger
 w - a +1 short sword of electrocution
 y - a +0 spear
 z - a +0 short sword
 A - a +0 hand axe
 G - a +0 club
Missiles
 d - a throwing net
 e - 4 poisoned darts
 j - 2 curare-tipped darts (quivered)
 k - 12 stones
Armour
 b - a +0 robe (worn)
 c - a +0 hat (worn)
 f - a +1 pair of gloves
 l - a +0 leather armour
 m - a +2 leather armour of fire resistance
 n - a +0 ring mail
 p - a +0 pair of gloves
 u - a +0 ring mail
Wands
 E - a wand of digging (6)
Scrolls
 i - 5 scrolls of identify
 B - 2 scrolls of brand weapon
Potions
 x - a potion of ambrosia {unknown}
 C - 2 potions of heal wounds {unknown}
 D - a potion of brilliance {unknown}


   Skills:
 + Level 2.1 Fighting
 + Level 0.1 Short Blades
 + Level 3.6 Maces & Flails
 + Level 0.5 Polearms
 + Level 0.1 Ranged Weapons
 + Level 1.9 Throwing
 + Level 3.0 Dodging
 + Level 0.2 Stealth


You had 3 spell levels left.
You didn't know any spells.
Your spell library contained the following spells:

 Spells                   Type           Power      Damage    Failure   Level
 Portal Projectile        Hex/Tloc       0%         N/A       86%         3
 Tukima's Dance           Hex            0%         N/A       86%         3
 Blade Hands              Tmut           0%         N/A       100%        5


Dungeon Overview and Level Annotations

Branches:
Dungeon (3/15)

Altars:


Innate Abilities, Weirdness & Mutations

You are too large for most types of armour.
You have claws for hands.
Your natural rate of healing is unusually fast.
You are covered in fur. (AC +1)
You have tough skin. (AC +1)


Message History

You closely miss the orc. The orc closely misses you.
The gnoll hits you with a +0 flail of holy wrath!
You barely miss the orc. The orc closely misses you.
The gnoll hits you with a +0 flail of holy wrath!
The orc hits you with a +0 dagger.
The gnoll hits you with a +0 flail of holy wrath.
You slash the orc!
You kill the orc!
Something hits you.
The gnoll hits you with a +0 flail of holy wrath.
Things that are here:
a curare-tipped dart; a +0 flail
j - 2 curare-tipped darts (gained 1)
The gnoll hits you with a +0 flail of holy wrath!
* * * LOW HITPOINT WARNING * * *
The orc attacks as you move away! The orc hits you with a +0 whip.
* * * LOW HITPOINT WARNING * * *
The goblin attacks as you move away! The goblin hits you but does no damage.
The gnoll barely misses you.
You see here a curare-tipped dart.
There are monsters nearby!
There are monsters nearby!
As you read the scroll labelled DIHIRCH YTIPTU, it crumbles to dust.
It is a scroll of identify.
F - a potion of might Something hits you.
* * * LOW HITPOINT WARNING * * *
The gnoll barely misses you. The orc hits you but does no damage.
You feel very mighty all of a sudden. Something hits you but does no damage.
The gnoll hits you with a +0 flail of holy wrath.
* * * LOW HITPOINT WARNING * * *
The orc hits you with a +0 whip.
* * * LOW HITPOINT WARNING * * *
The orc barely misses you.
You barely miss the orc. Something hits you.
* * * LOW HITPOINT WARNING * * *
The orc barely misses you.
The gnoll hits you with a +0 flail of holy wrath.
You die...

..... ###########
#....#
#.........####......
#.........#.........
#...........#.....#
#.............#..
#<...o..............
#....og.......#.....
#....@)g......# ####
#..[..o...#####
#.........#
#.........#
###########


You could see a gnoll, 3 orcs and a goblin.

Vanquished Creatures
  3 adders (D:2)
  2 gnolls
  A dart slug (D:1)
  2 orcs
  4 ball pythons
  2 bats (D:2)
  4 endoplasms
  3 giant cockroaches
  2 goblins (D:1)
  4 hobgoblins
  4 kobolds
  2 quokkas (D:1)
  4 frilled lizards (D:1)
  5 rats
42 creatures vanquished.

Notes
Turn   | Place    | Note
-------+----------+-------------------------------------------
     0 | D:1      | SlipperySam the Troll Gladiator began the quest for the
                  | Orb.
     0 | D:1      | Reached XP level 1. HP: 19/19 MP: 0/0
   276 | D:1      | Reached XP level 2. HP: 28/28 MP: 1/1
  1995 | D:2      | Reached XP level 3. HP: 35/35 MP: 2/2
  2717 | D:2      | Found a faded altar of an unknown god.
  2750 | D:2      | Reached XP level 4. HP: 32/42 MP: 3/3
  3353 | D:3      | HP: 1/42 [orc/+0 whip (3)]
  3354 | D:3      | Slain by a gnoll

Illustrated notes

Levels and vault maps discovered:
D:1:      erik_arrival_cave_to_civilisation [erik_arrival_cave_to_hall],
          layout_basic
D:2:      layout_basic, ebering_ecumenical_altar_hall, serial_aquarium,
          aquarium_bridge_island_small [aquarium_subvault_small_open,
          aquarium_subvault_bridge, aquarium_subvault_balcony,
          aquarium_subvault_bridge, aquarium_subvault_wall],
          aquarium_bridge_straight [aquarium_subvault_bridge,
          aquarium_subvault_balcony, aquarium_subvault_bridge,
          aquarium_subvault_wall], aquarium_window_1, aquarium_window_fake,
          aquarium_window_2, aquarium_view_2a, aquarium_view_2b
D:3:      layout_rooms, grunt_temple_overflow_open

Skill      XL: |  1  2  3  4 |
---------------+-------------+-----
Maces & Flails | 3 |  3.6
Fighting       | 2 |  2.1
Dodging        | 3 |  3.0
Short Blades   | |  0.1
Polearms       | |  0.5
Ranged Weapons | |  0.1
Throwing       | |  1.9
Stealth        | |  0.2

Action                     |  1- 3 |  4- 6 || total
---------------------------+-------+-------++-------
  Melee: Flail             |    56 |       ||    56
         Punch             |     2 |       ||     2
         Long sword        |    21 |    14 ||    35
         Spear             |    15 |       ||    15
         Short sword       |    11 |       ||    11
   Fire: Sling             |     5 |     5 ||    10
  Throw: Throwing net      |     5 |       ||     5
         Large rock        |     2 |       ||     2
         Dart              |     3 |     3 ||     6
    Use: Potion            |     1 |     1 ||     2
         Scroll            |       |     2 ||     2
 Armour: Robe              |    45 |    11 ||    56
  Dodge: Dodged            |    64 |    20 ||    84

Table legend: (Time is in decaauts)
 A = Elapsed time spent in this place.
 B = Non-inter-level travel time spent in this place.
 C = Inter-level travel time spent in this place.
 D = Time resting spent in this place.
 E = Time spent auto-exploring this place.
 F = Levels seen in this place.
 G = Mean time per level.
                   A        B        C        D        E       F      G
               +--------+--------+--------+--------+--------+-----+--------+
         Total |   3386 |   1130 |   2256 |      0 |      7 |   3 | 1128.7 |
       Dungeon |   3386 |   1130 |   2256 |      0 |      7 |   3 | 1128.7 |
               +--------+--------+--------+--------+--------+-----+--------+

Top non-repeatable levels by time:
     D:1: 2009 daAuts
     D:2: 1342 daAuts
     D:3: 34 daAuts
